[Event "Late-Titled-Tuesday-Blitz-October-03-2023"]
[Site "Chess.com"]
[Date "2023.10.03"]
[Round "9"]
[White "Oleksandr_Bortnyk"]
[Black "vugarrasulov"]
[Result "1-0"]
[WhiteElo "3033"]
[BlackElo "2972"]
[TimeControl "180+1"]
[EndTime "15:41:25 PDT"]
[Termination "Oleksandr_Bortnyk won on time"]

1. e4 e5 2. Bc4 Nf6 3. d3 c6 4. Nf3 d5 5. Bb3 Bb4+ 6. Bd2 Bxd2+ 7. Qxd2 O-O 8. Nc3 Re8 9. O-O Bg4 10. Qe2 Na6 11.
h3 Bh5 12. g4 Bg6 13. Rae1 dxe4 14. dxe4 Nc5 15. Qe3 Qe7 16. Nh4 Rad8 17. Nf5 Bxf5 18.
exf5 b6 19. Re2 Nd5 20. Nxd5 cxd5 21. Rd1 d4 22. Qg3 h6 23. h4 e4 24. g5 hxg5 25.
hxg5 Qe5 26. Qg4 Nxb3 27. axb3 Rd5 28. g6 fxg6 29. fxg6 Re6 30. Rde1 Qg5 31. Qxg5 Rxg5+ 32. Kf1 Rge5 33. Rd2 Rd6 34. Red1 Red5 35. Ke2 Kf8 36. Rh1 Ke7 37. Rh4 Re6 38. c3 d3+ 39. Ke3 Kf6 40. Rxe4 Red6 41. Rg4 Kf5 42. Rg3 Re6+ 43. Kf3 Rxg6 44.
Rxg6 Kxg6 45. Ke4 Rf5 46. f4 Rf6 47. Rxd3 Kh5 48. Rg3 g6 49. Rg5+ Kh6 50. Ke5 Rf7 51. Rg2 Re7+ 52. Kf6 Re3 53. Rh2+ 1-0

[Event "Late-Titled-Tuesday-Blitz-October-03-2023"]
[Site "Chess.com"]
[Date "2023.10.03"]
[Round "9"]
[White "crazy_but_lazy"]
[Black "Abund"]
[Result "0-1"]
[WhiteElo "2586"]
[BlackElo "2786"]
[TimeControl "180+1"]
[EndTime "15:41:25 PDT"]
[Termination "Abund won by resignation"]

1. d4 Nf6 2. Nf3 d5 3. Bf4 c5 4.
c3 Nc6 5. e3 Qb6 6. Qb3 c4 7.
Qc2 Bf5 8. Qc1 h6 9. h3 e6 10. Nbd2 Qd8 11. Be2 b5 12. O-O Be7 13. Ne5 Nxe5 14.
Bxe5 O-O 15. Bf3 Bd3 16. Re1 Ne4 17. Bxe4 dxe4 18. Qd1 f6 19. Bh2 a5 20. f3 f5 21.
fxe4 fxe4 22. Qg4 Qd5 23. Nf1 b4 24. Be5 Bf6 25. Bf4 Qf5 26. Ng3 Qxg4 27. hxg4 Be7 28. Be5 Ra6 29. Nh5 Rf7 30. Nf4 Rb6 31. Red1 g5 32.
Ng6 Bd8 33. Rd2 Kh7 34. Nh8 Rf8 35. Rf2 Rxf2 36. Kxf2 Rb7 37. Kg3 Rg7 38. cxb4 axb4 39. a4 Ba5 40. Rh1 Rb7 41. Rc1 c3 42. bxc3 bxc3 43.
d5 c2 44. Bd4 Rb1 45. dxe6 Rxc1 46. e7 Bb5 47. Nf7 Be1+ 48. Kh2 Be8 49. Nxg5+ hxg5 50. Bf6 Bg3+ 51. Kxg3 Kg6 52. Kh3 Rd1 53. g3 c1=Q 54. Kg2 Qc2+ 0-1

[Event "Late-Titled-Tuesday-Blitz-October-03-2023"]
[Site "Chess.com"]
[Date "2023.10.03"]
[Round "9"]
[White "Ali_rastbod"]
[Black "koncheto"]
[Result "1-0"]
[WhiteElo "2716"]
[BlackElo "2543"]
[TimeControl "180+1"]
[EndTime "15:41:25 PDT"]
[Termination "Ali_rastbod won on time"]

1. e4 c5 2. Nf3 d6 3. c3 Nf6 4. Be2 g6 5. O-O Bg4 6. Qb3 Qc7 7. d4 Bxf3 8. Bxf3 Nc6 9. d5 Ne5 10. Be2 Bg7 11. Nd2 O-O 12. a4 a6 13. f4 Ned7 14. a5 Rfb8 15. Bf3 b5 16. axb6 Rxb6 17.
Qa4 Rbb8 18. Nc4 Nb6 19. Nxb6 Qxb6 20. Rf2 Qb5 21. Be3 Ne8 22. Ra2 Qd3 23. Re2 Nf6 24. Qc2 Qb5 25. Re1 Nd7 26. Rea1 a5 27. Be2 Qb6 28. Qa4 Nf6 29. Qc4 h5 30. h3 Nd7 31.
Bc1 Qb7 32. Ra3 Nb6 33. Qb5 a4 34. Bd2 Qc7 35. Qd3 c4 36. Qf3 Nd7 37. R1a2 Nc5 38.
Bxc4 Nb3 39. Bxb3 axb3 40. Rxa8 bxa2 41. Rxa2 Qc5+ 42. Kh2 Qc4 43. Ra1 Rxb2 44. Rd1 Rc2 45. Be1 Bxc3 46. Bh4 Bf6 47. Bxf6 exf6 48. f5 Rc3 49.
Qf4 Qe2 50. Rg1 Rc2 51. fxg6 1-0

[Event "Late-Titled-Tuesday-Blitz-October-03-2023"]
[Site "Chess.com"]
[Date "2023.10.03"]
[Round "9"]
[White "louis198"]
[Black "Anton_Demchenko"]
[Result "0-1"]
[WhiteElo "2634"]
[BlackElo "2906"]
[TimeControl "180+1"]
[EndTime "15:41:30 PDT"]
[Termination "Anton_Demchenko won by resignation"]

1. d4 Nf6 2. Bf4 g6 3. e3 Bg7 4. h3 O-O 5. Nf3 d6 6. Bc4 b6 7. O-O Bb7 8. Nbd2 Nbd7 9. c3 e6 10. a4 a6 11. Bh2 Qe7 12. Qb3 e5 13. Rfd1 Rab8 14. Qa2 Ne4 15. Nxe4 Bxe4 16. Bd5 Bxd5 17. Qxd5 Rfe8 18. Qc6 Nf8 19. dxe5 dxe5 20. e4 f6 21. Qc4+ Qf7 22. Qxa6 Qb3 23. Qb5 Qxb5 24. axb5 Ne6 25. b4 Rbd8 26. Ne1 Bh6 27. Nc2 Bd2 28. c4 Bc3 29. Rab1 Kf7 30. Bg3 Rxd1+ 31. Rxd1 Ra8 32. Ne3 Bxb4 33. Rd7+ Ke8 34. Rxh7 Ra1+ 35. Kh2 Ng5 36. Nd5 Nxh7 37. Nxb4 Rc1 38. Nd5 Rxc4 39. f4 exf4 40.
Bxf4 Kd7 41. h4 Rxe4 42. Kg3 Rc4 43. Kf3 Rc5 44. Ke4 Rxb5 45. g4 c6 46. Ne3 Rb4+ 47.
Kf3 b5 48. h5 gxh5 49. gxh5 Ke6 50. Nc2 Rc4 51. Ne3 Ra4 52. Nc2 c5 53. Be3 Rc4 54. Ne1 b4 55. Nd3 Kd5 56. Nf4+ Kc6 57. Nd3 b3 58. Bh6 Rc3 59. Ke4 c4 60. Nb4+ Kb5 61.
Nd5 Rh3 62. Be3 Rh4+ 63. Bf4 Rxh5 64. Nc3+ Kc6 65. Bd2 Rh4+ 66. Ke3 Ng5 67. Bc1 Ne6 68. Ba3 Rh3+ 69. Kd2 Rd3+ 0-1

[Event "Late-Titled-Tuesday-Blitz-October-03-2023"]
[Site "Chess.com"]
[Date "2023.10.03"]
[Round "9"]
[White "Chempiblinka"]
[Black "Dr_crypt"]
[Result "0-1"]
[WhiteElo "2293"]
[BlackElo "2434"]
[TimeControl "180+1"]
[EndTime "15:41:30 PDT"]
[Termination "Dr_crypt won by resignation"]

1. Nf3 Nf6 2. c4 e6 3. g3 d5 4.
Bg2 Nbd7 5. O-O dxc4 6. Na3 Bxa3 7. bxa3 O-O 8. a4 a5 9. Ba3 Re8 10. Qc2 Nb6 11. Ne5 Qd4 12. Bb2 Qc5 13. d3 c3 14.
Bxc3 Nfd5 15. Rfc1 c6 16. Qb3 Nxc3 17. Qxc3 Qxc3 18.
Rxc3 Nxa4 19. Rc2 f6 20. Nc4 e5 21. Rb1 Rd8 22. Ne3 Ra7 23. Rc4 b5 24. Rxc6 b4 25.
Nd5 Bd7 26. Rd6 Kf8 27. Rc1 Rb8 28. Nc7 Ke7 29. Rd5 Nc3 30. Kf1 Rxc7 31. Rxa5 Be6 32.
d4 exd4 33. Bf3 Kd6 34. Ra6+ Ke5 35. e3 Bc4+ 36. Kg2 Bxa6 37. exd4+ Kxd4 38. Rc2 Bb5 39. Bg4 Bd3 40. Rd2 Re7 41. Kh3 g6 42. Kh4 f5 43. Bf3 h6 44. g4 Rb6 45. gxf5 gxf5 46. Kh5 f4 47. Kh4 Ne4 48. Rd1 Nxf2 49. Rd2 Ke3 50.
Rxd3+ Kxd3 0-1

[Event "Late-Titled-Tuesday-Blitz-October-03-2023"]
[Site "Chess.com"]
[Date "2023.10.03"]
[Round "9"]
[White "KorolDimitriy75"]
[Black "santosalberto1987"]
[Result "1-0"]
[WhiteElo "2379"]
[BlackElo "2485"]
[TimeControl "180+1"]
[EndTime "15:41:33 PDT"]
[Termination "KorolDimitriy75 won on time"]

1. d4 d5 2. c4 c6 3. Nc3 Nf6 4. e3 a6 5. h3 Bf5 6. Nf3 e6 7. Bd3 Bxd3 8. Qxd3 Nbd7 9. O-O Be7 10. e4 dxe4 11.
Nxe4 O-O 12. Bf4 b5 13. b3 bxc4 14. bxc4 c5 15. Rad1 cxd4 16. Nxd4 Rc8 17. Nd6 Bxd6 18. Bxd6 Re8 19. Rfe1 Nc5 20. Bxc5 Rxc5 21. Qa3 Qa5 22.
Qb3 Rec8 23. Rc1 Qc7 24. Nf3 Rxc4 25. Rxc4 Qxc4 26. Qb7 Qc6 27. Qa7 Nd7 28. Rd1 Rc7 29. Qd4 h6 30. Ne5 Nxe5 31. Qxe5 Rd7 32. Rb1 Qd5 33. Rb8+ Kh7 34. Qb2 Qd2 35. Kh2 Qxb2 36. Rxb2 Rd5 37. Rb3 Rd2 38. Ra3 Rxf2 39. Rxa6 e5 40.
Ra7 f5 41. Kg3 Rb2 42. Ra5 Kg6 43. h4 e4 44. Kf4 Rxg2 45. Ke5 Rf2 46. Ra6+ Kh5 47.
Ra7 g5 48. hxg5 hxg5 49. a4 Kg4 50. a5 Ra2 51. a6 e3 52. Kd4 e2 53. Re7 1-0

[Event "Late-Titled-Tuesday-Blitz-October-03-2023"]
[Site "Chess.com"]
[Date "2023.10.03"]
[Round "9"]
[White "venturov"]
[Black "MathiasCasalaspro"]
[Result "0-1"]
[WhiteElo "2469"]
[BlackElo "2371"]
[TimeControl "180+1"]
[EndTime "15:41:34 PDT"]
[Termination "MathiasCasalaspro won by resignation"]

1. Nf3 Nf6 2. c4 g6 3. d4 Bg7 4. Nc3 O-O 5. g3 d6 6. Bg2 c5 7.
dxc5 dxc5 8. O-O Nc6 9. Qxd8 Rxd8 10. Ne1 Be6 11. Nd3 Nd7 12. Nd5 Bxd5 13. cxd5 Nd4 14.
Bg5 Nxe2+ 15. Kh1 Bf6 16. Bxf6 exf6 17. Rfe1 Nd4 18. Re7 Nf5 19. Ree1 Nd4 20. Rac1 b6 21.
b4 Rac8 22. bxc5 bxc5 23. Rc4 Nf5 24. Rec1 Nd6 25. Ra4 c4 26. Nb4 Nb6 27. Rxa7 Ra8 28. Rxa8 Rxa8 29. h4 Ra4 30. Rb1 c3 31. Rb3 Rxb4 32.
Rxc3 Nbc4 33. h5 Ra4 34. h6 Rxa2 35. Bf1 Ra4 36. Rb3 Kf8 37. Rb8+ Ke7 38. Rh8 Ne5 39.
Rxh7 Ra8 40. f4 Ng4 41. Be2 f5 42. Rg7 Rh8 43. h7 Kf8 44. Rg8+ Rxg8 45. hxg8=Q+ Kxg8 46. Kg2 Ne3+ 47. Kf3 Nxd5 48. Bd1 Nc3 49. Bb3 Nce4 50. g4 fxg4+ 51. Kxg4 Kg7 52. Bc2 Kf6 53. Kf3 Kf5 54. Ke3 f6 55. Kf3 g5 56. fxg5 fxg5 57. Ke3 g4 58. Bd3 Kg5 59. Bxe4 Nxe4 60. Kxe4 Kh4 61.
Ke3 Kh3 62. Kf2 Kh2 63. Ke3 g3 64. Kf3 g2 0-1

[Event "Late-Titled-Tuesday-Blitz-October-03-2023"]
[Site "Chess.com"]
[Date "2023.10.03"]
[Round "9"]
[White "falzehope0"]
[Black "talaicito"]
[Result "0-1"]
[WhiteElo "2328"]
[BlackElo "2187"]
[TimeControl "180+1"]
[EndTime "15:41:35 PDT"]
[Termination "talaicito won by resignation"]

1. d4 e6 2. e3 f5 3. Bd3 Nf6 4. f4 b6 5. Nf3 Bb7 6. O-O Be7 7. Nbd2 O-O 8. Qe2 Ne4 9. b3 a5 10. a4 Na6 11. Bb2 Nb4 12. Nc4 d6 13. Ncd2 Bf6 14.
Rfc1 Qe7 15. Nc4 Rae8 16. Rd1 h6 17. Rf1 g5 18. Rad1 Qg7 19. fxg5 hxg5 20. Nfd2 Nxd2 21. Nxd2 Nxd3 22. cxd3 c5 23. Nc4 Bd5 24. dxc5 Bxb2 25. Qxb2 Qxb2 26. Nxb2 Bxb3 27. cxd6 Bxd1 28. Rxd1 b5 29.
axb5 Rb8 30. b6 Rxb6 31. Nc4 Rb5 32. e4 a4 33. h3 Ra8 34. Ra1 a3 35. Rxa3 Rxa3 36.
Nxa3 Rb3 37. Nc4 Rxd3 38. e5 Rd4 39. Nb6 Kf7 40. Nc8 Re4 41. Nb6 Rxe5 42. Nc8 Re2 43.
Kf1 Rd2 44. Kg1 f4 45. Kf1 e5 46. Ke1 Rd5 47. Ke2 e4 48. Kf2 Ke6 49. Ke2 e3 50. Kf3 Rd2 51. Ke4 Rxg2 52. Kd3 Rd2+ 53. Kc3 Rxd6 54.
Nxd6 Kxd6 55. Kd3 Ke5 56. Ke2 Ke4 57. Kf1 f3 58. Ke1 e2 59. Kf2 Kd3 60. Ke1 Ke3 0-1

[Event "Late-Titled-Tuesday-Blitz-October-03-2023"]
[Site "Chess.com"]
[Date "2023.10.03"]
[Round "9"]
[White "vladislavkovalev"]
[Black "FairChess_on_YouTube"]
[Result "0-1"]
[WhiteElo "2881"]
[BlackElo "3044"]
[TimeControl "180+1"]
[EndTime "15:41:36 PDT"]
[Termination "FairChess_on_YouTube won on time"]

1. Nf3 b5 2. g3 Bb7 3. Bg2 Nf6 4. O-O e6 5. d3 c5 6. e4 d6 7. Re1 Be7 8. a4 b4 9. Nbd2 O-O 10. Nc4 Nc6 11. e5 Nxe5 12. Nfxe5 Bxg2 13. Kxg2 dxe5 14. Nxe5 Qd5+ 15. Qf3 Rac8 16. b3 Qxf3+ 17. Kxf3 Nd5 18. Bb2 Bf6 19. Kg2 Rfe8 20. f4 Bxe5 21. Rxe5 f6 22. Re4 Kf7 23. Rae1 h5 24. Kf3 a5 25. h3 Rc6 26. R4e2 Rh8 27. Re4 Rh6 28. R4e2 Ne7 29. Re4 Nf5 30. Rg1 Rh8 31. Rg2 Rd6 32.
Kf2 Rd5 33. Ke1 Nd6 34. Ree2 Rf5 35. Ref2 Rd5 36. Re2 Rc8 37. g4 hxg4 38. hxg4 Re8 39. Rh2 Nc8 40. Rh7 Kg6 41. Reh2 Ne7 42. g5 Nf5 43.
gxf6 gxf6 44. Ra7 Nd4 45. Kd1 Kf5 46. Rxa5 Nf3 47. Rf2 Kxf4 48. Bxf6 Rf5 49. Ke2 Kg3 50. Rxf3+ Rxf3 51. Be5+ Kg2 52. Rxc5 Rf5 53. d4 Rf3 54.
Rc7 Rg8 55. a5 Rg4 0-1

[Event "Late-Titled-Tuesday-Blitz-October-03-2023"]
[Site "Chess.com"]
[Date "2023.10.03"]
[Round "9"]
[White "Doudou2015"]
[Black "Mariia89"]
[Result "1/2-1/2"]
[WhiteElo "2169"]
[BlackElo "2067"]
[TimeControl "180+1"]
[EndTime "15:41:36 PDT"]
[Termination "Game drawn by repetition"]

1. b3 c5 2. Bb2 Nc6 3. e3 Nf6 4. f4 d5 5. Nf3 Bg4 6. Bb5 Rc8 7. Bxc6+ Rxc6 8. O-O e6 9. d3 Be7 10. Nbd2 O-O 11.
h3 Bxf3 12. Nxf3 Nd7 13. Qe1 Bf6 14. Ne5 Bxe5 15. Bxe5 Nxe5 16. fxe5 Qg5 17. d4 cxd4 18. exd4 Rxc2 19. Rf2 Rfc8 20. Qf1 Rxf2 21. Qxf2 Rc1+ 22. Rxc1 Qxc1+ 23. Kh2 h6 24. Kg3 Qc3+ 25. Kh2 b5 26. Kh1 b4 27. Kh2 a5 28. Kg1 g5 29. Kh2 Qc1 30. g3 Qc3 31. Kg2 Qd3 32. Kh2 Qe4 33.
Kg1 h5 34. Kh2 Qf5 35. Qd2 Kg7 36. Kg2 Kg6 37. Kh2 h4 38. gxh4 gxh4 39. Qg2+ Qg5 40. Qc2+ Kg7 41. Qf2 Kg6 42. Qc2+ Qf5 43. Qg2+ Kh7 44.
Qd2 Qe4 45. Qf2 Kg6 46. Kg1 Kg7 47. Kh2 Kg8 48. Kg1 Kg7 49. Kh2 Kh7 50. Kg1 Qg6+ 51. Kh2 Kg7 52. Qxh4 Qc2+ 53. Kg3 Qxa2 54. Qf6+ Kf8 55.
Qd8+ Kg7 56. Qf6+ Kf8 57. h4 Qxb3+ 58. Kf4 Qc3 59. Qd8+ Kg7 60. Qf6+ Kf8 61. Qd8+ Kg7 62. Qf6+ Kf8 1/2-1/2

[Event "Late-Titled-Tuesday-Blitz-October-03-2023"]
[Site "Chess.com"]
[Date "2023.10.03"]
[Round "9"]
[White "flukeyNZ"]
[Black "Verony64"]
[Result "1-0"]
[WhiteElo "2251"]
[BlackElo "2218"]
[TimeControl "180+1"]
[EndTime "15:41:43 PDT"]
[Termination "flukeyNZ won by resignation"]

1. d4 c5 2. d5 e5 3. e4 d6 4. f4 exf4 5. Bxf4 g6 6. Nc3 Bg7 7. Nf3 a6 8. a4 Qe7 9. Be2 Nd7 10. O-O Nh6 11. h3 f6 12. Qd2 Nf7 13. a5 O-O 14. Rae1 Nde5 15. Bh2 Bd7 16. Nd1 Rac8 17. Ne3 Bh6 18. Qc3 Rfe8 19. Nxe5 Nxe5 20. Nc4 Nxc4 21.
Bxc4 Bg7 22. Qg3 Qe5 23. Qxe5 fxe5 24. b3 Rf8 25. Bg3 Bh6 26. Bh4 Bd2 27. Re2 Rxf1+ 28.
Kxf1 Rf8+ 29. Kg1 g5 30. Rxd2 gxh4 31. Rf2 Rf4 32. Bd3 Kg7 33. Kf1 Kf6 34. Ke2 Kg5 35. Ke3 Rxf2 36. Kxf2 Kf4 37. c3 Be8 38. b4 cxb4 39. cxb4 Bg6 40. b5 axb5 41. Bxb5 Bxe4 42. Bc4 Bf5 43. Bb3 Bd7 44. Bc4 e4 45. a6 Ke5 46.
axb7 Kd4 47. b8=Q e3+ 48. Ke1 Kxc4 49. Qxd6 Ba4 50. Qf4+ Kd3 51. Qxh4 Bc2 52. Qxh7+ Kc3 53. Qh6 Bd3 54. Qf4 Kc2 55. Qxe3 Be2 56. Qxe2+ 1-0

[Event "Late-Titled-Tuesday-Blitz-October-03-2023"]
[Site "Chess.com"]
[Date "2023.10.03"]
[Round "9"]
[White "KaydenTroffChess"]
[Black "OparinGrigoriy"]
[Result "1-0"]
[WhiteElo "2795"]
[BlackElo "2992"]
[TimeControl "180+1"]
[EndTime "15:41:46 PDT"]
[Termination "KaydenTroffChess won by resignation"]

1. d4 Nf6 2. Nf3 e6 3. Bf4 d5 4. e3 c5 5. Nc3 Nc6 6. Nb5 Nh5 7.
Bc7 Qd7 8. Ne5 Nxe5 9. Bxe5 f6 10. Nc7+ Kd8 11. Qxh5 fxe5 12. Nxa8 exd4 13. exd4 cxd4 14.
Qh4+ Be7 15. Qxd4 b6 16. Nxb6 axb6 17. Qxb6+ Qc7 18. Qxc7+ Kxc7 19. Bd3 e5 20. f3 Bb7 21.
O-O-O e4 22. fxe4 dxe4 23. Bc4 Re8 24. Rhf1 Bf6 25. Be2 e3 26. g3 Be4 27. Rf4 Rb8 28.
c3 Re8 29. h4 h6 30. g4 Re7 31. Rdf1 Bg2 32. Rg1 Bc6 33. Rc4 Kb6 34. g5 hxg5 35.
hxg5 Be5 36. Rf1 Bd5 37. Rb4+ Kc7 38. Rb5 Bc6 39. Ra5 Kb6 40. Ra6+ Kb7 41. Ra3 Bd6 42. Rb3+ Kc7 43. g6 Ba4 44. Rf7 Rxf7 45. gxf7 Bxb3 46. axb3 g5 47. Kc2 Kd7 48. Kd3 Ke7 49. Bh5 Bf4 50.
b4 g4 51. Bxg4 Kxf7 52. b5 Ke7 53. c4 Bg3 54. c5 Bf2 55. Be2 Be1 56. Kc4 Kd7 57. b6 Kc6 58. b4 Kb7 59. Bf3+ Kb8 60. c6 Bg3 61. c7+ Bxc7 62. bxc7+ Kxc7 63. Kd3 Kb6 64.
Kc4 Ka6 65. Be2 Kb6 66. Kd4 Kc6 67. Kxe3 1-0

[Event "Late-Titled-Tuesday-Blitz-October-03-2023"]
[Site "Chess.com"]
[Date "2023.10.03"]
[Round "9"]
[White "Zq1"]
[Black "davigator"]
[Result "1/2-1/2"]
[WhiteElo "2521"]
[BlackElo "2332"]
[TimeControl "180+1"]
[EndTime "15:41:52 PDT"]
[Termination "Game drawn - timeout vs insufficient material"]

1. d4 Nf6 2. c4 e6 3. Nf3 Bb4+ 4. Bd2 a5 5. g3 b6 6. Bg2 Ba6 7. b3 c6 8. O-O O-O 9. Bg5 Be7 10.
Nbd2 d5 11. Rc1 Nbd7 12. Qc2 Rc8 13. e4 h6 14. Bf4 Ba3 15. Rcd1 Re8 16. e5 Nh7 17.
Qb1 c5 18. Rfe1 cxd4 19. Nxd4 Nc5 20. Nb5 Bxb5 21. cxb5 Bb4 22. Rf1 Qd7 23. Nc4 Qxb5 24. Nd6 Qd7 25. Nxe8 Qxe8 26. Qb2 Na6 27. Rc1 Rd8 28.
Rfd1 Qe7 29. Rc6 Ba3 30. Qe2 Qb7 31. Qb5 Bc5 32. Be3 Nc7 33. Rxb6 Bxe3 34. Rxb7 Nxb5 35. Rxb5 Ba7 36. Rxa5 Rd7 37. Rc1 Ng5 38. h4 Ne4 39. Bxe4 dxe4 40. Kf1 e3 41. fxe3 Bxe3 42. Rc2 g5 43.
Ke2 Ba7 44. hxg5 hxg5 45. Ra6 Kg7 46. Rd6 Rb7 47. Rc4 Bb8 48. Rdc6 Bxe5 49. b4 Ra7 50. Rc2 Ra3 51. b5 Rxg3 52. b6 g4 53. b7 Ra3 54.
Rc8 g3 55. b8=Q Bxb8 56. Rxb8 f5 57. Rb3 Ra5 58. Rxg3+ Kf6 59. Rgc3 f4 60. Kf3 e5 61.
Ke4 Ra4+ 62. Rc4 Ra3 63. Rc6+ Kg5 64. Kxe5 Re3+ 65. Kd4 Re7 66. R6c3 Kg4 67. Rf2 Rd7+ 68. Ke5 Re7+ 69. Kd6 Re1 70. Rcf3 Rd1+ 71. Ke5 Re1+ 72. Kf6 Re4 73. Rxf4+ Rxf4+ 74. Rxf4+ Kxf4 75. a4 Ke4 76. Ke6 Kd4 1/2-1/2

[Event "Late-Titled-Tuesday-Blitz-October-03-2023"]
[Site "Chess.com"]
[Date "2023.10.03"]
[Round "9"]
[White "Schwindle"]
[Black "HajiyevKanan"]
[Result "1/2-1/2"]
[WhiteElo "2414"]
[BlackElo "2530"]
[TimeControl "180+1"]
[EndTime "15:41:53 PDT"]
[Termination "Game drawn by repetition"]

1. e4 c6 2. Nf3 d5 3. Nc3 a6 4.
d4 Bg4 5. h3 Bh5 6. exd5 cxd5 7.
g4 Bg6 8. Ne5 Nc6 9. Nxc6 bxc6 10. h4 h5 11. Bd3 Bxd3 12. Qxd3 hxg4 13. Bg5 Qb6 14. O-O-O Nf6 15. Bxf6 gxf6 16. Rde1 e6 17. Kb1 Kd7 18. b3 Bd6 19. Na4 Qb4 20. c3 Qb8 21. Qe2 f5 22. f3 g3 23. h5 Rh6 24. Qd2 f4 25. Nc5+ Ke7 26. Rh4 Qh8 27. Rxf4 Bxf4 28. Qxf4 Qh7+ 29. Kb2 Kf8 30. Nxe6+ Rxe6 31. Rxe6 g2 32.
Re1 Qxh5 33. Qd6+ Kg8 34. Qxc6 Rf8 35. Qf6 Qg6 36. Qxg6+ fxg6 37. Rg1 Rxf3 38. Rxg2 Kf7 39. Rg5 Rf2+ 40. Ka3 Rc2 41. Kb4 Rxa2 42. Rxd5 Kf6 43.
Kc5 g5 44. Rd8 g4 45. Rf8+ Kg5 46. Rf1 g3 47. d5 g2 48. Rg1 Kf4 49. c4 Kf3 50.
Kc6 Rb2 51. d6 Rxb3 52. d7 Rd3 53. Kc7 a5 54. c5 a4 55. c6 Kf2 56. Rxg2+ Kxg2 57. d8=Q Rxd8 58. Kxd8 a3 59. c7 a2 60. c8=Q a1=Q 61.
Qg4+ Kf2 62. Qf4+ Ke2 63. Qe4+ Kd2 64. Qd5+ Kc2 65. Qc4+ Kd2 66. Qd5+ Ke3 67. Qe6+ Kf4 68. Qf7+ Kg5 69. Qg8+ Kh6 70. Qe6+ Kg7 71. Qe7+ Kg6 72. Qd6+ Kf5 73. Qd7+ Kf6 74. Qc6+ Kf7 75. Qd5+ Kg7 76. Qg5+ Kf7 77. Qh5+ Kg8 78. Qg6+ Kf8 79. Qe8+ Kg7 80. Qe7+ Kg6 81. Qe8+ Kh7 82. Qe7+ Kg6 1/2-1/2

[Event "Late-Titled-Tuesday-Blitz-October-03-2023"]
[Site "Chess.com"]
[Date "2023.10.03"]
[Round "9"]
[White "GlavkonVVS"]
[Black "PapaieDudu"]
[Result "1-0"]
[WhiteElo "2569"]
[BlackElo "2382"]
[TimeControl "180+1"]
[EndTime "15:41:55 PDT"]
[Termination "GlavkonVVS won by checkmate"]

1. c4 e6 2. Nc3 d5 3. g3 Nf6 4. Bg2 a6 5. cxd5 exd5 6. d4 Bd6 7. Nf3 O-O 8. O-O Re8 9. Bg5 c6 10. e3 h6 11. Bxf6 Qxf6 12. Ne1 Bf5 13. Nd3 Nd7 14.
Nf4 Re7 15. Nfxd5 cxd5 16. Nxd5 Qe6 17. Nxe7+ Qxe7 18. Rc1 Nf6 19. Qb3 Rb8 20. f3 Be6 21. Qd3 Nd5 22. a3 b5 23. e4 Nb6 24. Rfd1 Nc4 25.
Qe2 Rd8 26. a4 Qa7 27. axb5 axb5 28. Kh1 Bb4 29. b3 Na5 30. d5 Bd7 31. Qd3 Qb8 32.
f4 Bg4 33. Bf3 Be6 34. dxe6 Rxd3 35. exf7+ Kxf7 36. Rxd3 Be7 37. e5 Qb6 38. Bd5+ Kg6 39. Kg2 b4 40. Kf3 h5 41. h3 Qa6 42. Be4+ Kf7 43.
Rc7 Nxb3 44. Bd5+ Kg6 45. Rxb3 Qf1+ 46. Ke4 Qe2+ 47. Re3 Qg2+ 48. Kd4 Qd2+ 49. Rd3 Qf2+ 50. Kc4 Qc2+ 51. Kb5 Qxc7 52. Bc6 Qb8+ 53. Kc4 Qc7 54. Kd5 Qa5+ 55. Ke4 Qc5 56. Be8+ Kh7 57. Bf7 Qc4+ 58.
Bxc4 g5 59. f5 g4 60. hxg4 hxg4 61. f6 Bxf6 62. exf6 Kg6 63. Ke5 Kg5 64. Rb3 Kh6 65.
Rxb4 Kg6 66. Rb8 Kh5 67. Rg8 Kh6 68. f7 Kh7 69. Kf6 Kh6 70. Rh8# 1-0

[Event "Late-Titled-Tuesday-Blitz-October-03-2023"]
[Site "Chess.com"]
[Date "2023.10.03"]
[Round "9"]
[White "Joshukid"]
[Black "scandalgod"]
[Result "1/2-1/2"]
[WhiteElo "2556"]
[BlackElo "2479"]
[TimeControl "180+1"]
[EndTime "15:41:56 PDT"]
[Termination "Game drawn by stalemate"]

1. Nf3 d5 2. c4 c6 3. e3 Nf6 4. Nc3 a6 5. b3 Bf5 6. Bb2 e6 7. d4 Nbd7 8. Bd3 Bxd3 9. Qxd3 Bb4 10. O-O O-O 11. a3 Ba5 12. b4 Bc7 13. c5 Re8 14. e4 dxe4 15. Nxe4 Nxe4 16. Qxe4 Nf6 17. Qe2 Nd5 18. g3 Qf6 19. Nd2 Qg6 20. Nc4 a5 21.
bxa5 Bxa5 22. Nd6 Re7 23. f4 Bc7 24. Nc4 Rd8 25. Kh1 Nf6 26. a4 Qe4+ 27. Qxe4 Nxe4 28. a5 h6 29. a6 bxa6 30. Rxa6 Rb8 31. Ba1 Rb4 32. Ne5 Bxe5 33. fxe5 Rc7 34. Rb6 Ra4 35. Re1 Nd2 36. Bc3 Nf3 37. Ra1 Rc4 38. Ra8+ Kh7 39. Ra3 Nxd4 40. Bxd4 Rxd4 41. Raa6 Rd5 42. Rxc6 Rxc6 43. Rxc6 Rxe5 44. Rc8 Re2 45. c6 Rc2 46. c7 Kg6 47. h3 f6 48. Re8 Rxc7 49. Rxe6 Rc2 50. Re4 h5 51. h4 Kf5 52. Rf4+ Ke5 53. Ra4 Ke6 54. Kg1 g5 55. hxg5 fxg5 56. Rb4 Kf5 57.
Ra4 Rb2 58. Kf1 Rd2 59. Rb4 Ke5 60. Ra4 Kf5 61. Rb4 Rh2 62. Kg1 Re2 63. Kf1 Re4 64.
Rb5+ Kg4 65. Kf2 Ra4 66. Rb2 h4 67. gxh4 Kxh4 68. Kg2 Rg4+ 69. Kh2 Rd4 70. Rc2 g4 71. Kg2 g3 72. Ra2 Kg4 73. Rb2 Rf4 74. Ra2 Rd4 75. Rc2 Kf4 76. Ra2 Re4 77. Rb2 Rc4 78. Ra2 Rb4 79. Rc2 Re4 80. Rb2 Kg4 81. Ra2 Rf4 82. Rb2 Rf5 83. Rb4+ Rf4 84. Rxf4+ Kxf4 85. Kg1 Kf3 86.
Kf1 Kg4 87. Kg2 Kh4 88. Kg1 Kh3 89. Kh1 g2+ 90. Kg1 Kg3 1/2-1/2

[Event "Late-Titled-Tuesday-Blitz-October-03-2023"]
[Site "Chess.com"]
[Date "2023.10.03"]
[Round "9"]
[White "I_am_Javi"]
[Black "SanchezKelvin"]
[Result "1-0"]
[WhiteElo "2753"]
[BlackElo "2580"]
[TimeControl "180+1"]
[EndTime "15:41:58 PDT"]
[Termination "I_am_Javi won by resignation"]

1. e4 e5 2. Nf3 Nc6 3. d4 exd4 4. Bc4 Bc5 5. O-O d6 6. c3 Nf6 7. cxd4 Bb6 8. d5 Ne5 9. Nxe5 dxe5 10. Nc3 O-O 11.
Kh1 Bd4 12. f3 h6 13. Ne2 Bb6 14. Qe1 Nh5 15. Ng3 Nf4 16. Bxf4 exf4 17. Ne2 Qf6 18. Qc3 Qxc3 19. bxc3 g5 20. Rfd1 Kg7 21. a4 Bc5 22. a5 a6 23. Nc1 Bd6 24. Nd3 f6 25.
Rab1 Re8 26. Re1 Re7 27. Kg1 Ra7 28. Re2 Bd7 29. Kf2 Be8 30. g3 fxg3+ 31. hxg3 Bg6 32.
Reb2 c6 33. dxc6 bxc6 34. Rb6 Bc7 35. Rxc6 Bxa5 36. Nc5 Bxc3 37. Ne6+ Kh7 38. Rb8 Bf7 39. Nf8+ Kg7 40. Bxf7 Kxf7 41. Rcc8 Be5 42. Rb1 Rac7 43.
Rxc7 Rxc7 44. Nh7 Kg7 45. Ke3 Bxg3 46. Nxf6 Bf4+ 47. Kd4 Kxf6 48. Rb6+ Kg7 49. Rxa6 Rd7+ 50. Kc4 Be5 51. Ra5 Kf6 52. Ra6+ Rd6 53. Ra8 Rd4+ 54. Kc5 Rd3 55. Kc4 Rxf3 56. Rf8+ Ke6 57. Rxf3 Bf4 58. Kd4 h5 59. Ra3 Be5+ 60. Kc4 Bd6 61. Ra6 Ke5 62. Kd3 h4 63. Ke3 g4 64. Ra5+ Kf6 65. Rh5 Bg3 66.
e5+ Kg6 67. Rh8 h3 68. Ke4 h2 69. Kd5 Kf5 70. e6 Kf6 71. Rh6+ Ke7 72. Rh7+ Ke8 73. e7 Bf4 74. Ke6 Be5 75. Kxe5 g3 76. Ke6 h1=Q 77.
Rxh1 1-0

[Event "Late-Titled-Tuesday-Blitz-October-03-2023"]
[Site "Chess.com"]
[Date "2023.10.03"]
[Round "9"]
[White "hellokostya"]
[Black "littlepinkyboy"]
[Result "0-1"]
[WhiteElo "2532"]
[BlackElo "2442"]
[TimeControl "180+1"]
[EndTime "15:42:12 PDT"]
[Termination "littlepinkyboy won by checkmate"]

1. d4 Nf6 2. Bg5 g6 3. Bxf6 exf6 4. c4 Bg7 5. Nc3 O-O 6. g3 f5 7. e3 Nc6 8. Bg2 b6 9. Nge2 Bb7 10. O-O Qe7 11. Nd5 Qd8 12. Nef4 Kh8 13. h4 Ne7 14. Nxe7 Bxg2 15. Nexg6+ fxg6 16. Kxg2 c6 17. Qf3 Qc7 18.
Rad1 Rae8 19. b3 Re4 20. d5 c5 21. Rd3 Qd6 22. Nh3 h6 23. Nf4 Kg8 24. Ne2 Rg4 25.
Nf4 g5 26. hxg5 hxg5 27. Nh5 Be5 28. Rh1 Qg6 29. d6 Re4 30. Rd5 Rf7 31. Qd1 Rh7 32. a3 Bh8 33. Qf3 Rf7 34. Qd1 f4 35. exf4 gxf4 36. Rh4 f3+ 37. Kh3 Qe6+ 38. g4 Be5 39. Ng3 Ref4 40. Qd3 Rg7 41. Kh2 Rfxg4 42. Rxg4 Qxg4 43.
Rxe5 Qh4+ 44. Kg1 Rxg3+ 45. fxg3 Qxg3+ 46. Kf1 Qg2+ 47. Ke1 f2+ 48. Kd1 f1=Q+ 49. Qxf1 Qxf1+ 50. Re1 Qd3+ 51. Kc1 Qc3+ 52. Kd1 Qxb3+ 53. Ke2 Qxc4+ 54. Kf2 Qa2+ 55. Kf3 Qxa3+ 56. Kf2 Qa2+ 57. Kf3 Qd5+ 58. Kf2 Qxd6 59. Rg1+ Kf7 60. Rf1 Qf6+ 61. Kg2 Qxf1+ 62. Kxf1 d5 63. Ke2 Ke6 64. Kd3 Kd6 65. Kd2 Kc6 66.
Kc2 a6 67. Kb2 b5 68. Kc2 a5 69. Kb2 c4 70. Ka2 Kc5 71. Kb2 b4 72. Kb1 d4 73.
Ka1 a4 74. Ka2 c3 75. Kb1 Kc4 76. Ka1 d3 77. Ka2 Kd4 78. Kb1 b3 79. Ka1 a3 80.
Kb1 d2 81. Ka1 d1=Q# 0-1